 Dungeon Crawl Stone Soup version 0.32-a0-18-g89e19f1974 (webtiles) character file.

Game seed: 4941775726494178096

48 Dirtsage the Changeling (level 3, -8/24 HPs)
             Began as an Octopode Shapeshifter on Jan 16, 2024.
             Mangled by a kobold
             ... wielding the +8 hand axe of a sewer {freeze, ^Drain rElec rPois Str+3}
              (12 damage)
             ... on level 2 of the Dungeon.
             The game lasted 00:01:28 (1337 turns).

Dirtsage the Changeling (Octopode Shapeshifter)     Turns: 1337, Time: 00:01:29

Health: -8/24      AC:  1    Str: 13    XL:     3   Next: 72%
Magic:  3/3        EV: 13    Int: 12    God:
Gold:   23         SH:  0    Dex: 13    Spells: 2/2 levels left

rFire   . .          .
                       - Unarmed
rCold   . . .        (no shield)
rNeg    . . .        (helmet currently unavailable)
rPois   .            (no amulet)
rElec   .            (no ring)
rCorr   .            (no ring)
SInv    .            (no ring)
Will    .....        (no ring)
Stlth   ++           (no ring)
HPRegen 0.24/turn    (no ring)
MPRegen 0.08/turn    (no ring)
                     (no ring)

%: no passive effects
@: beast-form
A: beast (slay +2), almost no armour, amphibious, 8 rings, camouflage 1,
gelatinous body 1, (nimble swimmer 1), tentacles
a: Begin Untransformation


You were on level 2 of the Dungeon.
You were a hulking beast.
You visited 1 branch of the dungeon, and saw 2 of its levels.

You collected 23 gold pieces.

Inventory:

Magical Staves
 h - a staff of death
Talismans
 b - a beast talisman
 c - a flux talisman
Scrolls
 d - 3 scrolls of identify {unknown}
 e - 3 scrolls of teleportation {unknown}
 f - a scroll of fog {unknown}
Potions
 a - 2 potions of lignification
 g - a potion of mutation {unknown}
 i - a potion of berserk rage {unknown}


   Skills:
 + Level 1.7 Fighting
 + Level 2.5 Dodging
 + Level 3.3 Unarmed Combat
 * Level 3.5 Shapeshifting


You had 2 spell levels left.
You didn't know any spells.
Your spell library contained the following spells:

 Spells                   Type           Power      Damage    Failure   Level
 Mercury Vapours          Alch/Air       0%         N/A       45%         2
 Mephitic Cloud           Conj/Alch/Air  0%         N/A       69%         3
 Freezing Cloud           Conj/Ice/Air   0%         6-21      100%        5


Dungeon Overview and Level Annotations

Branches:
Dungeon (2/15)

Altars:


Innate Abilities, Weirdness & Mutations

You are a hulking beast.
Your limbs bulge with bestial killing power. (Slay +2)
You cannot wear most types of armour.
You are amphibious.
You can wear up to eight rings at the same time.
Your skin changes colour to match your surroundings (Stealth+).
Your rubbery body absorbs attacks. (AC +1, EV +1)
((You are camouflaged when in or above water. (Stealth+)))
You have tentacles for arms and can constrict up to eight enemies at once.


Message History

The ribbon worm is moderately wounded.
You constrict the ribbon worm. You tentacle-slap the ribbon worm.
You squeeze the ribbon worm.
You kill the ribbon worm!
No target in view!
Found a stone staircase leading down.
d - 3 scrolls labelled REMMEC IQAX (gained 1) No target in view!
There is a stone staircase leading down here.
There is an escape hatch in the floor here.
A kobold comes into view.
It is wielding the +8 hand axe of a sewer {freeze, ^Drain rElec rPois Str+3}.
A kobold is nearby!
The kobold shouts!
An endoplasm comes into view.
The endoplasm quivers.
You tentacle-slap the kobold. You grab the kobold.
You squeeze the kobold, but do no damage.
The kobold is moderately wounded.
You constrict the kobold, but do no damage.
The kobold hits you with the +8 hand axe of a sewer {freeze, ^Drain rElec rPois Str+3}!
The kobold freezes you.
You take 12 damage, and have 12/24 hp.
MASSIVE DAMAGE!!
You are too injured to fight recklessly!
You are too injured to fight recklessly!
You are too injured to fight recklessly!
You tentacle-slap the kobold.
The kobold is heavily wounded.
You constrict the kobold, but do no damage.
The kobold hits you with the +8 hand axe of a sewer {freeze, ^Drain rElec rPois Str+3}.
* * * LOW HITPOINT WARNING * * *
The kobold freezes you.
* * * LOW HITPOINT WARNING * * *
You take 8 damage, and have 4/24 hp.
MASSIVE DAMAGE!!
You tentacle-slap the kobold but do no damage.
You squeeze the kobold, but do no damage.
The kobold is heavily wounded.
You constrict the kobold, but do no damage.
The kobold hits you with the +8 hand axe of a sewer {freeze, ^Drain rElec rPois Str+3}!
Ouch! That really hurt!
You die...

..........##†#.##.
##.......##.#.##.
#.......##......
###.......#######.
#...>.....# #..
#.#.##..#.# #..
#.#.##..#.# #..
#.#.....#.######..
#h#..##.#.##......
#.K...##...........
...#......<<##...<..
...#J .#....##
###.#..
...#...#...#..#
#.#.† .# ..#. .#..
.# #.#.. . ... ... .
# #.#.. #.. #. .#
... #.... ####.


You could see an endoplasm and a kobold.

Vanquished Creatures
  2 dart slugs
  2 ribbon worms (D:2)
  6 endoplasms
  2 giant cockroaches
  3 goblins (D:1)
  A hobgoblin (D:2)
  3 quokkas (D:1)
  A ball python (D:1)
  3 bats (D:1)
  3 frilled lizards
  5 kobolds
  8 rats
39 creatures vanquished.

Notes
Turn   | Place    | Note
-------+----------+-------------------------------------------
     0 | D:1      | Dirtsage the Octopode Shapeshifter began the quest for the
                  | Orb.
     0 | D:1      | Reached XP level 1. HP: 13/13 MP: 1/1
   175 | D:1      | Reached XP level 2. HP: 18/18 MP: 2/2
   589 | D:1      | Reached XP level 3. HP: 20/23 MP: 3/3
  1331 | D:2      | Identified the +8 hand axe of a sewer {freeze, ^Drain rElec
                  | rPois Str+3}
  1337 | D:2      | Mangled by a kobold

Illustrated notes

Levels and vault maps discovered:
D:1:      psy_arrival_fountain, layout_basic
D:2:      layout_loops_cross, hex_medium

Action                     || total
---------------------------++-------
  Melee: Unarmed           ||    67
         Tentacles         ||     9
         Constrict         ||    15
         Punch             ||     3
   Stab: Sleeping          ||    20
 Armour: Skin              ||    20
  Dodge: Dodged            ||    18

Table legend: (Time is in decaauts)
 A = Elapsed time spent in this place.
 B = Non-inter-level travel time spent in this place.
 C = Inter-level travel time spent in this place.
 D = Time resting spent in this place.
 E = Time spent auto-exploring this place.
 F = Levels seen in this place.
 G = Mean time per level.
                   A        B        C        D        E       F      G
               +--------+--------+--------+--------+--------+-----+--------+
         Total |   1332 |   1316 |     16 |      0 |   1105 |   2 |  666.0 |
       Dungeon |   1332 |   1316 |     16 |      0 |   1105 |   2 |  666.0 |
               +--------+--------+--------+--------+--------+-----+--------+

Top non-repeatable levels by time:
     D:1: 822 daAuts
     D:2: 510 daAuts
